 Dungeon Crawl Stone Soup version 0.29-a0-857-g9b1aa3ac5b (webtiles) character file.

Game seed: 7336152589213192994

42 mathmaestro the Grave Robber (level 3, -1/26 HPs)
             Began as a Demonspawn Necromancer on July 16, 2022.
             Killed from afar by Natasha (8 damage)
             ... with a magic dart
             ... on level 1 of the Dungeon.
             The game lasted 00:01:50 (1321 turns).

mathmaestro the Grave Robber (DsNe)                 Turns: 1321, Time: 00:01:51

Health: -1/26      AC:  2    Str:  8    XL:     3   Next: 35%
Magic:  0/6        EV: 12    Int: 18    God:
Gold:   55         SH:  0    Dex: 13    Spells: 6/7 levels left

rFire   . . .      SeeInvis .   d - +1 whip (flame)
rCold   . . .      Faith    .   (no shield)
rNeg    . . .      Spirit   .   a - +0 robe
rPois   .          Reflect  .   (no helmet)
rElec   .          Harm     .   (no cloak)
rCorr   .          Rampage  .   (no gloves)
Will    .....                   (no boots)
Stlth   ++........              (no amulet)
HPRegen 0.08/turn               (no ring)
MPRegen 0.10/turn               (no ring)

@: slowed, very slow
A: hooves 1
a: no special abilities


You were on level 1 of the Dungeon.
You visited 1 branch of the dungeon, and saw 2 of its levels.

You collected 55 gold pieces.

Inventory:

Hand Weapons
 d - a +1 whip of flaming (weapon)
Armour
 a - a +0 robe (worn)
Wands
 g - a wand of flame (11)
Scrolls
 f - 4 scrolls of identify {unknown}
 h - a scroll of summoning {unknown}
 i - a scroll of blinking {unknown}
Potions
 b - a potion of magic
 c - a potion of degeneration {unknown}
 e - a potion of lignification {unknown}


   Skills:
 + Level 1.4 Fighting
 - Level 2.0 Dodging
 - Level 2.0 Stealth
 + Level 2.5 Spellcasting
 + Level 4.8 Necromancy


You had 6 spell levels left.
You knew the following spells:

 Your Spells              Type           Power      Damage    Failure   Level
a - Necrotise             Necr           76%        1d7       2%          1

Your spell library contained the following spells:

 Spells                   Type           Power      Damage    Failure   Level
 Vampiric Draining        Necr           19%        2d7       7%          3
 Animate Dead             Necr           19%        N/A       24%         4
 Agony                    Necr           19%        N/A       54%         5


Dungeon Overview and Level Annotations

Branches:
Dungeon (2/15)

Altars:

Annotations:
D:1 Natasha


Innate Abilities, Weirdness & Mutations

You have large cloven feet.


Message History

Natasha writhes in agony.
Natasha misses you.
You climb upwards.
There is a stone staircase leading down here.
Casting: Necrotise (safe; 2% risk of failure)
Confirm with . or Enter, or press ? or * to list all spells.
Aiming: Necrotise (safe; 2% risk of failure)
Press: ? - help, Shift-Dir - straight line, f - Natasha
Aim: Natasha (moderately wounded, chance to affect: 78%) Natasha writhes in agony.
Natasha closely misses you.
Casting: Necrotise (safe; 2% risk of failure)
Confirm with . or Enter, or press ? or * to list all spells.
Aiming: Necrotise (safe; 2% risk of failure)
Press: ? - help, Shift-Dir - straight line, f/p - Natasha
Aim: Natasha (moderately wounded, chance to affect: 78%) Natasha writhes in agony.
Natasha misses you.
Casting: Necrotise (safe; 2% risk of failure)
Confirm with . or Enter, or press ? or * to list all spells.
Aiming: Necrotise (safe; 2% risk of failure)
Press: ? - help, Shift-Dir - straight line, f/p - Natasha
Aim: Natasha (severely wounded, chance to affect: 78%) Natasha barely resists.
Natasha claws you.
You closely miss Natasha.
Natasha is severely wounded.
Natasha claws you!
* * * LOW HITPOINT WARNING * * *
Casting: Necrotise (safe; 2% risk of failure)
Confirm with . or Enter, or press ? or * to list all spells.
Aiming: Necrotise (safe; 2% risk of failure)
Press: ? - help, Shift-Dir - straight line, f/p - Natasha
Aim: Natasha (severely wounded, chance to affect: 78%) Natasha writhes in agony.
Natasha casts a spell at you.
You feel yourself slow down.
You hit Natasha. You burn Natasha.
Natasha is almost dead.
Natasha casts a spell.
Natasha stares at you and mumbles some strange words.
The magic dart hits you!
You die...

.......#.# #.............# #...
######.#.# #.###########.####.##
#.#.# #.# #..........
#.#.####.#### #.#.####.##
#.#.##......# #.#.# #.#
#.#.##.#.##.# #.#.# #.#
#.#.##.#.##5# #.#.# #.#
######.#.##.#.##.######.#.# #.#
...............h@.....#.#.# #.#
#####..#....#.##.####.#.#.# #.#
#..######.##......#.#.# #)#
#.................#.#.# #.#
#####.#######.#.......#.#.# #.#
........# #.#..####.#.#.# #.#
#####.#.# #.#..# #.#.#.# #.#
......#.# #.#..####.#.#.# #.#
.##.#.#)#####.#.......#...####.#


You could see an iron imp (summoned) and Natasha.

Vanquished Creatures
  Natasha (D:2)
  A dart slug (D:1)
  3 endoplasms (D:1)
  A giant cockroach (D:1)
  A goblin (D:1)
  A hobgoblin (D:2)
  A quokka (D:1)
  2 ball pythons
  4 kobolds (D:1)
  3 rats (D:1)
18 creatures vanquished.

Notes
Turn   | Place    | Note
-------+----------+-------------------------------------------
     0 | D:1      | mathmaestro the Demonspawn Necromancer began the quest for
                  | the Orb.
     0 | D:1      | Reached XP level 1. HP: 13/13 MP: 3/3
   452 | D:1      | Gained mutation: You have large cloven feet. [demonic
                  | ancestry]
   452 | D:1      | Reached XP level 2. HP: 20/20 MP: 3/5
  1132 | D:2      | Reached skill level 1 in Fighting
  1202 | D:2      | Noticed Natasha
  1205 | D:2      | Noticed a crimson imp
  1209 | D:2      | Killed Natasha
  1210 | D:2      | Reached XP level 3. HP: 18/26 MP: 0/6
  1217 | D:2      | Noticed Natasha
  1321 | D:1      | Killed from afar by Natasha

Illustrated notes

Levels and vault maps discovered:
D:1:      lightli_arrival_isolated_outpost, layout_basic
D:2:      layout_basic, serial_bayou_pond_c, uniq_natasha, uniq_terence

Skill      XL: |  1  2 |
---------------+-------+-----
Stealth        | 2 |  2.0
Dodging        | 2 |  2.0
Fighting       | 1 |  1.4
Spellcasting   | |  2.5
Necromancy     | |  4.8

Action                   || total
-------------------------++-------
Melee: Whip              ||     4
 Cast: Necrotise         ||    37
Armor: Robe              ||     2
Dodge: Dodged            ||     4

Table legend: (Time is in decaauts)
 A = Elapsed time spent in this place.
 B = Non-inter-level travel time spent in this place.
 C = Inter-level travel time spent in this place.
 D = Time resting spent in this place.
 E = Time spent auto-exploring this place.
 F = Levels seen in this place.
 G = Mean time per level.
                   A        B        C        D        E       F      G
               +--------+--------+--------+--------+--------+-----+--------+
         Total |   1326 |   1312 |     14 |    114 |   1063 |   2 |  663.0 |
       Dungeon |   1326 |   1312 |     14 |    114 |   1063 |   2 |  663.0 |
               +--------+--------+--------+--------+--------+-----+--------+

Top non-repeatable levels by time:
     D:1: 1208 daAuts
     D:2: 118 daAuts
